 Dungeon Crawl Stone Soup version 0.16-a0-3474-g346b3f3 (webtiles) character file.

26 ARSOD the Stinger (level 3, 0/24 HPs)
             Began as a Formicid Venom Mage on Oct 28, 2015.
             Succumbed to a worker ant's poison
             ... on level 3 of the Dungeon.
             The game lasted 00:19:06 (990 turns).

ARSOD the Stinger (Formicid Venom Mage)              Turns: 990, Time: 00:19:06

Health: 0/24       AC:  6    Str: 12    XL:     3   Next: 22%
Magic:  4/7        EV:  9    Int: 15    God:
Gold:   36         SH:  0    Dex: 11    Spells: 2 memorised, 3 levels left

rFire  . . .     SeeInvis +     i - +0 spear
rCold  . . .     Clarity  .     j - +0 scale mail
rNeg   . . .     SustAb   .     (no shield)
rPois  .         Gourm    .     (helmet unavailable)
rElec  .         Spirit   .     (no cloak)
rCorr  .         Warding  .     (no gloves)
rMut   +         Stasis   +     (no boots)
MR     .....                    e - amulet of resist mutation
Stlth  +.........               (no ring)
                                (no ring)

@: lethally poisoned, very slightly contaminated, not resistant to hostile
enchantments, very unstealthy
A: permanent stasis, dig shafts and tunnels, four strong arms, antennae 3
a: Dig, Shaft Self


You were on level 3 of the Dungeon.
You were not hungry.

You visited 1 branch of the dungeon, and saw 3 of its levels.

You collected 36 gold pieces.

Inventory:

Hand weapons
 d - a -2 hunting sling
 f - a +0 club
 h - a +0 short sword
 i - a +0 spear (weapon)
Missiles
 m - 19 stones (quivered)
Armour
 a - a +0 robe
 j - a +0 scale mail (worn)
 n - a +0 leather armour
 o - a +0 chain mail
 p - a +0 scale mail
Jewellery
 e - an amulet of resist mutation (around neck)
Books
 b - a Young Poisoner's Handbook

   Spells                             Type                      Level
   a - Sting                          Conjuration/Poison           1
   b - Cure Poison                    Poison                       2
   c - Mephitic Cloud                 Conjuration/Poison/Air       3
   d - Olgreb's Toxic Radiance        Poison                       4
   e - Venom Bolt                     Conjuration/Poison           5
Comestibles
 g - 2 beef jerkies
 k - 2 meat rations
 l - 3 fruits


   Skills:
 + Level 0.2 Fighting
 + Level 0.2 Short Blades
 + Level 0.4 Slings
 + Level 0.2 Armour
 + Level 1.9 Dodging
 + Level 2.4 Stealth
 + Level 2.3 Spellcasting
 + Level 0.1 Conjurations
 + Level 6.0 Poison Magic


You had 3 spell levels left.
You knew the following spells:

 Your Spells              Type           Power        Failure   Level  Hunger
a - Sting                 Conj/Pois      ##..         30%         1    #......
b - Cure Poison           Pois           ###.......   14%         2    ###....


Dungeon Overview and Level Annotations

Branches:
Dungeon (3/15)

Altars:


Innate Abilities, Weirdness & Mutations

You are under a permanent stasis effect.
You can dig through walls and to a lower floor.
Your four strong arms can wield two-handed weapons with a shield.
You have a pair of large antennae on your head (SInv).


Message History

You hit the worker ant but do no damage.
The worker ant is severely wounded.
The worker ant bites you but does no damage.
You hit the worker ant but do no damage.
The worker ant is severely wounded.
The worker ant barely misses you. The worker ant bites you.
* * * LOW HITPOINT WARNING * * *
You closely miss the worker ant.
The worker ant is severely wounded.
* * * LOW HITPOINT WARNING * * *
You feel sick. The worker ant closely misses you.
You hit the worker ant but do no damage.
The worker ant is severely wounded.
The worker ant bites you but does no damage.
You hit the worker ant but do no damage.
The worker ant is severely wounded.
The worker ant bites you but does no damage.
You closely miss the worker ant.
The worker ant is severely wounded.
You die...

###########
#.@a.......
#.########.
########.####
#...........#
#.######.........
#.# ....#.####
#.###.....#.#
##.#........ .
#............ .


You could see a worker ant.

Vanquished Creatures
  A giant mite (D:1)
  2 giant cockroaches
  5 hobgoblins
  2 bats (D:1)
  3 giant newts
  2 goblins (D:1)
  2 kobolds (D:1)
  3 rats
20 creatures vanquished.

Notes
Turn   | Place    | Note
--------------------------------------------------------------
     0 | D:1      | ARSOD, the Formicid Venom Mage, began the quest for the Orb.
     0 | D:1      | Reached XP level 1. HP: 13/13 MP: 3/3
   331 | D:1      | Reached XP level 2. HP: 19/19 MP: 3/5
   384 | D:1      | Learned a level 2 spell: Cure Poison
   650 | D:1      | Reached XP level 3. HP: 22/24 MP: 0/7
   909 | D:3      | Reached skill level 6 in Poison Magic
   987 | D:3      | HP: 1/24 [poisoned by a worker ant]
   990 | D:3      | Succumbed to a worker ant's poison

Action                   || total
-------------------------++-------
Melee: Short sword       ||    11
       Unarmed           ||    10
       Club              ||     2
       Hunting sling     ||    18
       Spear             ||    33
 Fire: Hunting sling     ||     9
 Cast: Sting             ||    23
  Use: Potion            ||     4
       Scroll            ||     2
 Stab: Sleeping          ||     1
  Eat: Bread ration      ||     1
